[Event "2nd Cambridge Open 2024"]
[Site "Cambridge"]
[Date "2024.02.19"]
[Round "2.39"]
[White "Gluma, Christian"]
[Black "Blauhut, Holger"]
[Result "1-0"]
[ECO "C54"]
[WhiteElo "2256"]
[BlackElo "2016"]
[Annotator "TA"]
[PlyCount "161"]
[EventDate "2024.02.18"]
[EventType "swiss"]
[EventCountry "ENG"]
[SourceTitle "playchess.com"]
[Source "ChessBase"]
[SourceQuality "1"]
[TimeControl "5400+30"]

1. e4 e5 2. Nf3 Nc6 3. Bc4 Bc5 4. c3 Nf6 5. d3 a6 6. Nbd2 Ba7 7. h3 h6 8. Nf1 d5 9. exd5 Nxd5 10. Ne3 Nxe3 11. Bxe3 Bxe3 12. fxe3 Qd6 13. O-O Be6 14. Bxe6 Qxe6 15. d4 O-O-O 16. Qc2 g5 17. Nh2 Ne7 18. Ng4 exd4 19. exd4 f5 20. Rae1 Qd6 21. Ne5 Rdf8 22. Nc4 Qd7 23. Qb3 Rf6 24. Rf2 (24. Ne5 $16 Qd5 25. Ng4) 24... f4 25. Ne5 Qd5 26. Ng4 Qxb3 (26... Rb6 $1 $11 27. Qa4 Nf5) 27. axb3 $14 Rf7 28. Rfe2 Kd8 29. Ne5 ({White should play} 29. Kf2 $16) 29... Rg7 (29... Rf6 $14) 30. Nd3 $1 $16 b6 31. Ra1 Kc8 32. Rxa6 Kb7 33. Ra1 Nf5 34. Rae1 (34. Re6 $142) 34... Nh4 35. Re7 Rxe7 36. Rxe7 Ra8 37. Kf2 Nf5 ({Black should try} 37... Ra1 $1 $14) 38. Re1 Kc6 (38... c5 $16) 39. Re5 (39. Re6+ $1 $18 {is the precise move to win.} Kb7 40. Rf6) 39... Ng3 40. Kf3 Kd7 41. h4 gxh4 (41... Ra1 $16 {is a better defense.}) 42. Kxf4 Ra1 (42... Rg8 $16 43. Kf3 Rg7) 43. Re1 $18 Ra8 44. Ne5+ $1 Kd6 45. Kg4 Rg8+ 46. Kxh4 Nf5+ 47. Kh3 h5 48. Rf1 Ne3 49. Rf6+ Kd5 50. Rf2 c5 51. Nf3 Ke4 52. Re2 (52. dxc5 $1 $18 bxc5 53. Ne1) 52... Kd3 ({Better is} 52... cxd4 $1 $14 53. Nxd4 Kd3) 53. Rd2+ $18 Ke4 54. dxc5 bxc5 55. Ne1 Rb8 $2 {[%emt 0:01:33] [#]} (55... Nd5 $16 {keeps fighting.} 56. Re2+ Kf5) 56. b4 (56. Re2 $142 $1 {Black must now prevent g3.} h4 (56... Rd8 57. g3) 57. Kxh4 (57. Nc2 Kd3 $18)) 56... cxb4 $18 57. Rd4+ Kf5 58. Rxb4 Re8 59. Nf3 Nd1 60. Rb5+ Kf4 61. c4 Re2 62. Rxh5 (62. Ng5 $16 {Strongly threatening g3+.} h4 63. b4 (63. Kxh4 Rxg2 64. Nh3+ Ke3 $14)) 62... Nxb2 (62... Rxb2 $14 63. Rh4+ Ke3) 63. Rh4+ $16 Ke3 64. Kg3 Nd3 65. Rh8 Nc5 66. Re8+ Kd3 $2 (66... Ne4+ $16 67. Kh2 Kf4) 67. Rxe2 $18 Kxe2 68. Kf4 Kd3 69. Ne5+ Kd4 70. Kf5 Nb7 71. g4 Nd6+ {[%emt 0:00:04] [#]} 72. Kf4 $1 Ne8 73. g5 (73. Kf5 Nd6+ 74. Kf4 Ne8 $18) 73... Ng7 74. g6 Ne6+ 75. Kf5 Ng7+ 76. Kf6 Nh5+ 77. Kg5 Ng7 78. Nd3 Kxc4 79. Nf4 Kd4 80. Kf6 Ne8+ 81. Ke7 1-0

[Event "2nd Cambridge Open 2024"]
[Site "Cambridge"]
[Date "2024.02.19"]
[Round "2.40"]
[White "Wynarczyk, Raymond"]
[Black "Iyengar, Ilya"]
[Result "1-0"]
[ECO "B22"]
[WhiteElo "1703"]
[BlackElo "1972"]
[Annotator "RC"]
[PlyCount "109"]
[EventDate "2024.02.18"]
[EventType "swiss"]
[EventCountry "ENG"]
[SourceTitle "playchess.com"]
[Source "ChessBase"]
[SourceQuality "1"]
[TimeControl "5400+30"]

1. e4 c5 2. c3 d5 3. exd5 Qxd5 4. d4 Nc6 5. Nf3 Bg4 6. dxc5 Qxc5 7. Be3 Qa5 8. Be2 Nf6 9. h3 Bh5 10. Qb3 Qc7 11. Na3 e6 12. Nb5 Qb8 13. Nbd4 Nxd4 14. Bxd4 a6 15. Bxf6 gxf6 16. Bb5+ axb5 17. Qxb5+ Ke7 18. Qxh5 Qc7 19. O-O Ra5 20. Qh4 h5 21. Rfd1 Rg8 22. Rd4 Rf5 23. Qe4 Qc6 24. Qxf5 exf5 25. Re1+ Qe6 26. Rb4 Bh6 27. Rxb7+ Kd6 28. Rb6+ Kd7 29. Rd1+ Kc7 30. Rxe6 fxe6 31. Nd4 Re8 32. Re1 Kd7 33. a4 Bf4 34. a5 Bc7 35. b4 Be5 36. a6 Rc8 37. a7 Ra8 38. Ra1 Bxd4 39. cxd4 Kc6 40. Ra6+ Kb5 41. Rxe6 Rxa7 42. Rxf6 Kxb4 43. Rxf5 Kc4 44. Rxh5 Kxd4 45. Rf5 Ke4 46. Rf8 Ke5 47. g4 Ke4 48. Kg2 Ra3 49. g5 Rb3 50. h4 Ra3 51. g6 Ra6 52. h5 Ra5 53. Rf3 Rxh5 54. g7 Rg5+ 55. Rg3 1-0

[Event "2nd Cambridge Open 2024"]
[Site "Cambridge"]
[Date "2024.02.19"]
[Round "2.41"]
[White "Redman, David J"]
[Black "Gardiner, Eric D"]
[Result "1/2-1/2"]
[ECO "D30"]
[WhiteElo "1971"]
[BlackElo "1837"]
[Annotator "RC"]
[PlyCount "69"]
[EventDate "2024.02.18"]
[EventType "swiss"]
[EventCountry "ENG"]
[SourceTitle "playchess.com"]
[Source "ChessBase"]
[SourceQuality "1"]
[TimeControl "5400+30"]

1. d4 d5 2. c4 e6 3. Nf3 a6 4. Nc3 dxc4 5. a4 Nc6 6. e4 Na5 7. Be3 c6 8. Nd2 b5 9. e5 Bb4 10. Qg4 Kf8 11. Na2 Bxd2+ 12. Bxd2 Nb3 13. Rd1 Nxd2 14. Rxd2 Ne7 15. Nc3 Nd5 16. Ne4 Qa5 17. Qf3 Qxa4 18. Nd6 Qa1+ 19. Ke2 f5 20. g3 c3 21. Qh5 g6 22. Qh6+ Kg8 23. bxc3 Nxc3+ 24. Kf3 Ne4 25. Qh4 Nxd6 26. Qd8+ Kg7 27. Qf6+ Kh6 28. Qxh8 Bb7 29. Qf6 c5+ 30. d5 Ne4 31. Qh4+ Kg7 32. Qe7+ Kh6 33. Qh4+ Kg7 34. Qe7+ Kh6 35. Qh4+ 1/2-1/2

[Event "2nd Cambridge Open 2024"]
[Site "Cambridge"]
[Date "2024.02.19"]
[Round "2.42"]
[White "Hutchinson, Norman A"]
[Black "Rida, Ruqayyah"]
[Result "0-1"]
[ECO "C77"]
[WhiteElo "1962"]
[BlackElo "1743"]
[Annotator "RC"]
[PlyCount "62"]
[EventDate "2024.02.18"]
[EventType "swiss"]
[EventCountry "ENG"]
[SourceTitle "playchess.com"]
[Source "ChessBase"]
[SourceQuality "1"]
[TimeControl "5400+30"]

1. e4 e5 2. Nf3 Nc6 3. Bb5 a6 4. Ba4 Nf6 5. d3 b5 6. Bb3 Bc5 7. a4 Rb8 8. axb5 axb5 9. O-O O-O 10. Nc3 h6 11. Nd5 d6 12. Be3 Bxe3 13. fxe3 Nxd5 14. exd5 Ne7 15. Qe1 f5 16. Nxe5 dxe5 17. d6+ Kh7 18. dxe7 Qxe7 19. Kh1 Bb7 20. Qg3 c5 21. c3 Rf6 22. Qh4 Rbf8 23. Bc2 Kh8 24. e4 fxe4 25. Rxf6 Rxf6 26. Qg3 Qf7 27. Kg1 Rg6 28. Qxe5 Rxg2+ 29. Kxg2 e3+ 30. Kh3 Qf3+ 31. Qg3 Bc8+ 0-1

[Event "2nd Cambridge Open 2024"]
[Site "Cambridge"]
[Date "2024.02.19"]
[Round "2.43"]
[White "Cole, James"]
[Black "Spanton, Tim R"]
[Result "1/2-1/2"]
[ECO "E08"]
[WhiteElo "1940"]
[BlackElo "1736"]
[Annotator "RC"]
[PlyCount "107"]
[EventDate "2024.02.18"]
[EventType "swiss"]
[EventCountry "ENG"]
[SourceTitle "playchess.com"]
[Source "ChessBase"]
[SourceQuality "1"]
[TimeControl "5400+30"]

1. d4 d5 2. c4 e6 3. Nf3 Nf6 4. g3 Bb4+ 5. Bd2 Be7 6. Bg2 O-O 7. Qc2 c6 8. O-O b6 9. Rd1 Bb7 10. Bf4 Nbd7 11. Ne5 Nxe5 12. dxe5 Nd7 13. e4 g5 14. Be3 Nxe5 15. exd5 cxd5 16. cxd5 Bxd5 17. Nc3 Qc7 18. Bxd5 exd5 19. Qf5 Ng6 20. Nxd5 Qb7 21. Bxg5 Bxg5 22. Qxg5 f5 23. Nf4 Qe7 24. Qxe7 Nxe7 25. Rd7 Ng6 26. Ne6 Rf7 27. Rad1 Rxd7 28. Rxd7 Re8 29. Rd8 Rxd8 30. Nxd8 Ne5 31. b4 b5 32. Ne6 Nc6 33. Nc7 Nxb4 34. Nxb5 Nxa2 35. Nxa7 Kf7 36. f4 Ke6 37. Nc6 Nc3 38. Nd4+ Kf6 39. Kg2 Nd5 40. Kf3 h5 41. Ke2 Kg6 42. Nf3 Kf6 43. Kd3 Ke6 44. Nd4+ Kf6 45. Nc2 h4 46. Kc4 hxg3 47. hxg3 Ne7 48. Kc5 Ng8 49. Ne3 Ke6 50. Nc2 Nh6 51. Nd4+ Kf6 52. Kd6 Ng4 53. Nc2 Nf2 54. Ne3 1/2-1/2

[Event "2nd Cambridge Open 2024"]
[Site "Cambridge"]
[Date "2024.02.19"]
[Round "2.44"]
[White "Lim, Mark"]
[Black "Dierssen Garcia-Barredo, Guiller"]
[Result "1/2-1/2"]
[ECO "A37"]
[WhiteElo "2265"]
[BlackElo "1937"]
[Annotator "TA"]
[PlyCount "71"]
[EventDate "2024.02.18"]
[EventType "swiss"]
[EventCountry "ENG"]
[SourceTitle "playchess.com"]
[Source "ChessBase"]
[SourceQuality "1"]
[TimeControl "5400+30"]

1. Nf3 c5 2. g3 g6 3. c4 Nc6 4. Bg2 Bg7 5. Nc3 e5 6. O-O Nge7 7. a3 d6 8. Rb1 a5 9. Ne1 Be6 10. d3 O-O 11. Nc2 d5 12. cxd5 Nxd5 13. Ne3 Nc7 14. Nc4 Qe7 15. Be3 h6 (15... Rfb8 $11 {keeps the balance.}) 16. Qc1 ({White should play} 16. Bxc6 $16 bxc6 17. Nb6) 16... Kh7 (16... Bxc4 $1 $14 17. dxc4 Kh7) 17. Bxc6 $16 bxc6 18. Ne4 Rfd8 19. Bxc5 (19. Nxc5 $6 Bh3 $16) 19... Qe8 20. Ncd6 {[%emt 0:02:37] Excellent horsemanship.} (20. Ned6 $18 Qh8 21. Bb6) 20... Qd7 $14 21. Nc4 (21. Rd1 $14) 21... Nd5 $2 ({Better is} 21... Qe8 $1 $11) 22. Bb6 {[%emt 0:03:33] [#] Strongly threatening Nc5. White is more active.} Bh3 23. Re1 (23. Bxd8 $18 Bxf1 24. Qxf1 (24. Bxa5 Bxe2 25. b4 Qh3 $15) (24. Kxf1 Qxd8 25. Kg1 Nc7 $18) 24... Qxd8 25. Rc1) 23... Rf8 24. Bxa5 (24. Bc5 $142) 24... f5 $16 25. Nc3 (25. Nc5 $16 Qe7 26. Bb4) 25... f4 ({Black should try} 25... Qf7 $14) 26. Ne4 Qf5 27. Bb4 Nf6 $2 (27... Nxb4 {was worth a try.} 28. axb4 f3) 28. Bxf8 $18 {[%emt 0:05:24] White is clearly winning.} Rxf8 29. Ncd6 Qh5 30. Nxf6+ (30. gxf4 exf4 31. f3 (31. Qxf4 $2 {too greedy.} Nxe4 32. Qxe4 Be5 $19) (31. Nxf6+ Rxf6 32. Ne4 Qg4+ 33. Ng3 Re6 $19) 31... Ng4 32. Qxc6 (32. fxg4 Qxg4+) 32... Bd4+ 33. e3 (33. Kh1 $2 Bg2+ 34. Kxg2 Qxh2+ 35. Kf1 Ne3#) 33... Nxh2 (33... Nxe3 34. Nb5 $17) 34. Qc7+ (34. exd4 $2 Nxf3+ 35. Kf2 Qh4+ 36. Ke2 Nxd4+ 37. Kd2 Nxc6 $19) 34... Bg7 $19) 30... Bxf6 31. Qxc6 (31. gxf4 $2 {is a self mate.} Qg4+ 32. Kh1 Qg2#) 31... Bd8 32. Rbc1 Bg4 33. Qb7+ Kg8 34. Qd5+ Kh7 35. Rc2 {[%emt 0:11:10] [#] Threatens to win with Rec1.} f3 36. Qb7+ {[%emt 0:01:54][%mdl 32768] Weighted Error Value: White=0.18 (very precise) /Black=0.62.  Mistake:       	White=6     	Black=5      Inaccurate:     	---       	Black=1      OK:         	White=8     	Black=2      Best:        	White=2     	Black=2     . An unexpected result.} 1/2-1/2

[Event "2nd Cambridge Open 2024"]
[Site "Cambridge"]
[Date "2024.02.19"]
[Round "2.45"]
[White "Mata, Adilson"]
[Black "Sasikumar, Srivathsan"]
[Result "1-0"]
[ECO "E08"]
[WhiteElo "1924"]
[BlackElo "1696"]
[Annotator "RC"]
[PlyCount "121"]
[EventDate "2024.02.18"]
[EventType "swiss"]
[EventCountry "ENG"]
[SourceTitle "playchess.com"]
[Source "ChessBase"]
[SourceQuality "1"]
[TimeControl "5400+30"]

1. d4 Nf6 2. Nf3 d5 3. g3 e6 4. Bg2 Be7 5. O-O Nbd7 6. c4 c6 7. Nc3 O-O 8. Qc2 b6 9. Rd1 Bb7 10. b3 Rc8 11. e4 dxe4 12. Nxe4 Nxe4 13. Qxe4 Nf6 14. Qe2 Qc7 15. Bf4 Bd6 16. Ne5 Nd7 17. c5 Bxe5 18. cxb6 axb6 19. dxe5 Rfd8 20. Rd6 Nf8 21. Rad1 Ng6 22. Bg5 Rxd6 23. exd6 Qd7 24. Qe4 Rb8 25. Qb4 Ba8 26. Qa4 f6 27. Be3 b5 28. Qa7 Rd8 29. Qxd7 Rxd7 30. f4 Ne7 31. Bc5 Nd5 32. Re1 Kf7 33. Bh3 f5 34. a4 bxa4 35. bxa4 Nc3 36. a5 Ne4 37. Rxe4 fxe4 38. f5 exf5 39. Bxf5 Rb7 40. d7 Rb1+ 41. Kf2 Rd1 42. Bb6 Ke7 43. d8=Q+ Rxd8 44. Bxd8+ Kxd8 45. Bxh7 Kc7 46. Ke3 Kb7 47. Bxe4 Ka6 48. h4 Kxa5 49. h5 Bb7 50. g4 Bc8 51. g5 Be6 52. Bxc6 Kb6 53. h6 gxh6 54. gxh6 Bg8 55. Bd5 Bh7 56. Be4 Bg8 57. Kd4 Kc7 58. Ke5 Kd7 59. Kf6 Ke8 60. Kg7 Bh7 61. Bxh7 1-0

[Event "2nd Cambridge Open 2024"]
[Site "Cambridge"]
[Date "2024.02.19"]
[Round "2.46"]
[White "Hagesather, Nina"]
[Black "Baguley, John"]
[Result "1-0"]
[ECO "B18"]
[WhiteElo "1973"]
[BlackElo "1790"]
[Annotator "RC"]
[PlyCount "91"]
[EventDate "2024.02.18"]
[EventType "swiss"]
[EventCountry "ENG"]
[SourceTitle "playchess.com"]
[Source "ChessBase"]
[SourceQuality "1"]
[TimeControl "5400+30"]

1. e4 c6 2. d4 d5 3. Nc3 dxe4 4. Nxe4 Bf5 5. Ng3 Bg6 6. Nf3 e6 7. h4 h5 8. Ne5 Ne7 9. c3 Nd7 10. Nxg6 Nxg6 11. Nxh5 Nxh4 12. g3 Ng6 13. Bd3 f5 14. Qb3 Kf7 15. Qxb7 Qc8 16. Qxc8 Rxc8 17. Be3 Be7 18. O-O-O Nf6 19. Nxf6 Bxf6 20. Be2 Ne7 21. Bf3 Nd5 22. Bd2 g6 23. Kc2 c5 24. Rxh8 Bxh8 25. Bxd5 exd5 26. dxc5 Rxc5 27. Be3 Ra5 28. Bd4 Bxd4 29. Rxd4 Ke6 30. a4 Ra6 31. Kd3 Rc6 32. Rb4 Rc7 33. Rb8 Rc6 34. a5 Kd6 35. Rb7 a6 36. Rb6 Rxb6 37. axb6 Kc6 38. Kd4 Kxb6 39. Kxd5 Kc7 40. Ke5 Kc6 41. b3 a5 42. Kf6 Kd5 43. f3 Kd6 44. Kxg6 Ke5 45. Kg5 Ke6 46. f4 1-0

[Event "2nd Cambridge Open 2024"]
[Site "Cambridge"]
[Date "2024.02.19"]
[Round "2.47"]
[White "Gardner, Phillip K"]
[Black "Myall, Ivan J"]
[Result "0-1"]
[ECO "C54"]
[WhiteElo "1769"]
[BlackElo "1951"]
[Annotator "RC"]
[PlyCount "100"]
[EventDate "2024.02.18"]
[EventType "swiss"]
[EventCountry "ENG"]
[SourceTitle "playchess.com"]
[Source "ChessBase"]
[SourceQuality "1"]
[TimeControl "5400+30"]

1. e4 e5 2. Nf3 Nc6 3. Bc4 Bc5 4. c3 Nf6 5. d4 exd4 6. cxd4 Bb4+ 7. Bd2 Bxd2+ 8. Nbxd2 d5 9. exd5 Nxd5 10. Qb3 Nce7 11. O-O O-O 12. Rfe1 h6 13. Ne4 c6 14. Nc5 b6 15. Nd3 Qd6 16. a4 Be6 17. Rad1 Rab8 18. Qa2 a5 19. Nfe5 Nf5 20. Nf3 Rfd8 21. h3 Qc7 22. Rc1 Qd6 23. Rcd1 Rdc8 24. Bb3 Nfe7 25. Nfe5 g5 26. g4 Kg7 27. Rd2 Rh8 28. f3 h5 29. Kg2 hxg4 30. fxg4 Rh6 31. Rf2 Rbh8 32. Rf3 Ng8 33. Ref1 Ngf6 34. Qa3 Qc7 35. Re1 Rh4 36. Rg3 Nd7 37. Bd1 Nxe5 38. Rxe5 Qd8 39. Qa1 Nf4+ 40. Nxf4 gxf4 41. Rd3 Bd5+ 42. Kh2 f3 43. Qa3 Rxh3+ 44. Kg1 Rh1+ 45. Kf2 Qh4+ 46. Ke3 Re1+ 47. Kd2 Rxe5 48. dxe5 Qg5+ 49. Re3 Rh2+ 50. Kc3 Qxe3# 0-1

[Event "2nd Cambridge Open 2024"]
[Site "Cambridge"]
[Date "2024.02.20"]
[Round "3.1"]
[White "Wachinger, Nikolas"]
[Black "Tiviakov, Sergei"]
[Result "1/2-1/2"]
[ECO "B51"]
[WhiteElo "2437"]
[BlackElo "2537"]
[Annotator "TA"]
[PlyCount "154"]
[EventDate "2024.02.18"]
[EventType "swiss"]
[EventCountry "ENG"]
[SourceTitle "playchess.com"]
[Source "ChessBase"]
[SourceQuality "1"]
[TimeControl "5400+30"]

1. e4 c5 2. Nf3 Nc6 3. Bb5 d6 4. O-O Bd7 5. Re1 Nf6 6. c3 a6 7. Bf1 e5 8. d4 cxd4 9. cxd4 Bg4 10. d5 Nd4 11. Be3 Nxf3+ 12. gxf3 Bd7 13. a4 Be7 14. Nd2 b5 15. axb5 axb5 16. Qb3 O-O 17. Rxa8 Qxa8 18. Rc1 Qa5 19. Qc3 Qxc3 20. Rxc3 Rb8 21. Rc7 Bd8 22. Ra7 Kf8 23. b4 Bb6 24. Ra6 Bxe3 25. fxe3 Ke7 26. Nb3 Ne8 27. Na5 Nc7 28. Nc6+ Bxc6 29. Rxc6 Rb7 30. f4 exf4 31. exf4 f5 32. e5 Nxd5 33. exd6+ Ke6 34. d7+ Kxd7 35. Rc5 Nxb4 36. Rxf5 Kd6 37. Rxb5 Rxb5 38. Bxb5 Nd5 39. Bd3 h6 ({Don't play} 39... Nxf4 40. Bxh7 Ne6 41. Kf2 $11) 40. f5 Ke5 41. Kf2 Kf4 42. Ba6 Ne3 43. Bc8 Nxf5 44. Bb7 Ne3 45. Bc6 Ng4+ 46. Kg2 Ne5 47. Bb7 Kg4 48. Bc8+ Kh4 49. Bb7 g5 (49... h5 $17) 50. h3 $1 $11 Nd3 51. Bc8 Nf4+ 52. Kh2 Nd5 53. Bb7 Nc3 54. Bf3 Nb5 55. Bc6 Nd4 56. Bb7 Kh5 57. Be4 Kh4 58. Bb7 $1 Nf5 59. Bc6 Ng7 60. Bb7 Kh5 61. Be4 $1 Kh4 62. Bb7 Ne6 63. Bc6 Nc5 64. Bd5 Nd3 65. Bb7 Nf2 66. Bc8 Nd1 67. Bb7 Nc3 68. Bf3 Na4 69. Bc6 Nb6 70. Be4 Nd7 71. Bc6 Nf6 72. Bb5 Kh5 (72... Ne4 $15) 73. Bd3 Kh4 74. Bf5 (74. Bb5 $1 $11) 74... Nh5 75. Bc8 Ng7 76. Bb7 Kh5 77. Be4 Kh4 1/2-1/2

[Event "2nd Cambridge Open 2024"]
[Site "Cambridge"]
[Date "2024.02.20"]
[Round "3.2"]
[White "Fernandez, Daniel Howard"]
[Black "Roberson, Peter T"]
[Result "1-0"]
[ECO "B56"]
[WhiteElo "2525"]
[BlackElo "2424"]
[Annotator "TA"]
[PlyCount "73"]
[EventDate "2024.02.18"]
[EventType "swiss"]
[EventCountry "ENG"]
[SourceTitle "playchess.com"]
[Source "ChessBase"]
[SourceQuality "1"]
[TimeControl "5400+30"]

1. e4 c5 2. Nf3 d6 3. d4 cxd4 4. Nxd4 Nf6 5. Nc3 Nc6 6. Nd5 ({Better is} 6. Bg5 $11) 6... Nxd5 $1 $15 7. exd5 Qa5+ 8. Bd2 $1 {[%emt 0:00:21] The position is equal.} Qxd5 9. Nb5 {[%emt 0:00:08] [#] Threatens to win with Nc7+.} Qe6+ $1 10. Be2 {[%emt 0:01:48] Active counter play!} Qd7 {[%emt 0:00:06] Repels Nc7+} 11. c4 e6 12. Bf4 e5 {[%emt 0:04:48][%cal Oa7a6] Strongly threatening ...a6!} 13. Be3 Be7 14. Qd2 O-O 15. Rd1 Qd8 16. O-O Be6 17. f4 Qd7 18. fxe5 Nxe5 19. b3 ({Reject} 19. Nxd6 Bxd6 20. Qxd6 Qxd6 (20... Nxc4 $2 21. Qxd7 Bxd7 22. Bxc4 $18) 21. Rxd6 Bxc4 (21... Nxc4 22. Rxe6 fxe6 23. Bxc4 $18) 22. Bxc4 Nxc4 $17) 19... a6 20. Nxd6 Rad8 21. c5 Ng4 (21... Qc6 $11) 22. Bg5 Bxg5 23. Qxg5 f6 $1 24. Qf4 {[%emt 0:01:48] aiming for Nf5.} Ne5 25. Bf3 Rb8 26. Rfe1 Qc7 27. Rxe5 fxe5 28. Qxe5 Rf6 29. b4 b6 30. Re1 {[%emt 0:05:46] Bd5 would now be deadly.} bxc5 ({Of course not} 30... Bxa2 $6 31. Bd5+ Bxd5 32. Qxd5+ Kh8 33. Ne8 $16) 31. Bd5 $1 Bxd5 32. Qxd5+ Kf8 33. bxc5 Rd8 34. h3 g6 $2 {[%emt 0:00:27][%mdl 8192] [#]} (34... h6 $11) 35. Qe5 $1 $18 Rdxd6 36. Qe8+ Kg7 37. Re7+ {[%emt 0:00:14] Weighted Error Value: White=0.10 (very precise) /Black=0.28 (precise) .  Loses game:     	---       	Black=1      Mistake:       	---       	Black=1      Inaccurate:     	White=4     	Black=4      OK:         	White=12    	Black=9      Best:        	---       	Black=5      Strong:       	White=3     	Black=3} ({Not} 37. cxd6 Qxd6 38. Qe7+ Qxe7 39. Rxe7+ Rf7 $11) 1-0

[Event "2nd Cambridge Open 2024"]
[Site "Cambridge"]
[Date "2024.02.20"]
[Round "3.3"]
[White "Hanley, Craig A"]
[Black "Royal, Shreyas"]
[Result "1-0"]
[ECO "D00"]
[WhiteElo "2431"]
[BlackElo "2459"]
[Annotator "RC"]
[PlyCount "75"]
[EventDate "2024.02.18"]
[EventType "swiss"]
[EventCountry "ENG"]
[SourceTitle "playchess.com"]
[Source "ChessBase"]
[SourceQuality "1"]
[TimeControl "5400+30"]

1. d4 Nf6 2. Bf4 d5 3. e3 c5 4. c3 Nc6 5. Nd2 Qb6 6. Qb3 c4 7. Qc2 g6 8. h3 Bg7 9. Ngf3 O-O 10. Be2 Bf5 11. Qc1 Nd7 12. e4 dxe4 13. Nxc4 Qd8 14. Nfe5 Ndxe5 15. dxe5 b5 16. Ne3 Bd7 17. Qc2 Nxe5 18. Bxe5 Bxe5 19. Qxe4 Bg7 20. O-O-O a6 21. Qb7 Qa5 22. Qxd7 Qxa2 23. Qd5 Qa4 24. Kb1 Rfc8 25. Rd3 e6 26. Qa2 Qh4 27. Bf3 Ra7 28. Qa5 h5 29. Rhd1 Rcc7 30. g3 Qf6 31. Nc2 Qf5 32. h4 e5 33. Ne3 Qe6 34. Bd5 Qe7 35. Qb6 e4 36. R3d2 a5 37. Qxg6 b4 38. Nf5 1-0

[Event "2nd Cambridge Open 2024"]
[Site "Cambridge"]
[Date "2024.02.20"]
[Round "3.4"]
[White "Haubro, Martin"]
[Black "Willow, Jonah B"]
[Result "0-1"]
[ECO "B45"]
[WhiteElo "2418"]
[BlackElo "2434"]
[Annotator "TA"]
[PlyCount "72"]
[EventDate "2024.02.18"]
[EventType "swiss"]
[EventCountry "ENG"]
[SourceTitle "playchess.com"]
[Source "ChessBase"]
[SourceQuality "1"]
[TimeControl "5400+30"]

1. e4 c5 2. Nf3 e6 3. d4 cxd4 4. Nxd4 Nf6 5. Nc3 Nc6 6. a3 Be7 7. Be3 O-O 8. Be2 d6 9. Qd3 e5 {[%emt 0:04:06] The position is equal.} 10. Nb3 Be6 11. Nd5 Bxd5 12. exd5 e4 13. Qb5 Ne5 14. Qxb7 a5 15. Rd1 a4 16. Nd4 Rb8 17. Qa7 Ra8 18. Qb7 Rb8 19. Qa6 $36 {[%emt 0:10:09][%mdl 2048] Black is under pressure.} Nxd5 20. Nc6 Nxc6 21. Rxd5 Qc8 ({Better is} 21... Ne5 $14) 22. Qxa4 $16 Rxb2 23. O-O (23. Qxe4 Qe6 24. Qxe6 fxe6 $14) 23... Ne5 24. Qxe4 f5 25. Qa4 Rxc2 26. Ba6 {[%emt 0:03:05] This pair of bishops is nice.} Qc7 27. Bd4 {[%emt 0:01:55] Hoping for Bxe5.} Bf6 28. Qb3 Kh8 29. Bb6 (29. Rd1 $16) 29... Qc6 $1 $11 {[%emt 0:00:36][%cal Oc2b2] White must now prevent ...Rb2!} 30. Bb5 $2 (30. Bd4 $11) 30... Rc3 $1 $19 {[%emt 0:00:44] Black has a decisive advantage.} 31. Bxc6 Rxb3 32. Rb5 {[%emt 0:00:55] [#]} Rxb5 (32... Rxa3 33. Bb7 $11) 33. Bxb5 Rb8 34. f4 {[%emt 0:00:39] [#]} ({Of course not} 34. Rc1 g6 (34... Rxb6 35. Rc8+) 35. g3 Rxb6) 34... Ng6 (34... Rxb6 35. fxe5 dxe5 36. a4 $17) 35. Rc1 h5 ({Stronger than} 35... Rxb6 36. Rc8+) 36. Rc6 {[%emt 0:00:41] [#]} Rxb6 $1 {[%emt 0:00:07][%mdl 512] Weighted Error Value: White=0.27 (precise) /Black=0.10 (very precise) .  Loses game:     	White=1     	---        Mistake:       	White=1     	Black=1      OK:         	White=15    	Black=11     Best:        	White=1     	Black=5      Strong:       	---       	Black=2} 0-1

[Event "2nd Cambridge Open 2024"]
[Site "Cambridge"]
[Date "2024.02.20"]
[Round "3.5"]
[White "Adams, Michael"]
[Black "Wells, Peter K"]
[Result "1-0"]
[ECO "B83"]
[WhiteElo "2674"]
[BlackElo "2341"]
[Annotator "TA"]
[PlyCount "59"]
[EventDate "2024.02.18"]
[EventType "swiss"]
[EventCountry "ENG"]
[SourceTitle "playchess.com"]
[Source "ChessBase"]
[SourceQuality "1"]
[TimeControl "5400+30"]

1. e4 c5 2. Nf3 e6 3. d4 cxd4 4. Nxd4 Nf6 5. Nc3 Nc6 6. Be2 d6 7. Be3 Be7 8. Qd2 a6 9. O-O-O Nxd4 10. Qxd4 e5 11. Qd3 {[%emt 0:02:37] White is more active.} b5 12. Bg5 b4 {[%emt 0:05:47] White is slightly better.} 13. Bxf6 bxc3 14. Bxe7 $1 (14. Bxg7 cxb2+ 15. Kb1 Rg8 $11) 14... cxb2+ 15. Kb1 $1 Kxe7 {[%emt 0:00:37] [#]} 16. f4 $1 {[%emt 0:10:13] fxe5 would now be deadly.} exf4 17. e5 $1 (17. Kxb2 $2 Qb6+ 18. Ka1 Be6 $19) 17... d5 18. Bf3 (18. Kxb2 Qa5 19. Qa3+ Qxa3+ 20. Kxa3 Be6 $17) (18. c4 $16) 18... Qa5 ({Black should try} 18... Be6 $1 $11) 19. Bxd5 $14 Rd8 $1 20. Qe4 Rb8 {[%emt 0:04:14] aiming for ...Rb4.} 21. Bc4 $40 {[%emt 0:13:46][%mdl 128] Strongly threatening Rxd8. White has some attack. Some like it hot} Rb4 $2 {[%emt 0:03:53][%mdl 8192] This move loses the game for Black.} (21... Rxd1+ $1 $11 {and Black has nothing to worry.} 22. Rxd1 Bg4 23. Qxf4 Bxd1 24. Qxf7+ Kd8 25. Qf8+ Kc7 26. Qd6+ Kb7 27. Bd5+ Ka7 28. Qd7+ Kb6 29. Qe6+ Kc5 (29... Kb5 30. Qc6+ Kb4 31. Qc4+ Ka3 32. Qd3+ Kb4 33. Qe4+ Kb5 34. Qc4+ Kb6 35. Qc6+ Ka7 36. Qd7+ Kb6 37. Qe6+ Kc5 38. Qd6+ Kd4 39. Be6+ Ke3 40. Qxd1 $11) 30. Qd6+ Kd4 31. Bb3+ Ke4 (31... Kc3 32. Qd3+ Kb4 33. c3+ Ka3 34. Qd6+) 32. Qxb8 Qxe5) 22. Qxf4 $18 Rxc4 23. Qxc4 Be6 24. Qh4+ f6 (24... Ke8 $142 25. Rxd8+ (25. Kxb2 $2 Qxa2+ 26. Kc3 Qa3#) 25... Qxd8 26. Qxd8+ (26. Qxh7 Qd5 $11) 26... Kxd8 27. Rd1+ (27. Kxb2 Kc7 $18) 27... Kc7) 25. exf6+ (25. Kxb2 $2 {is a self mate.} Qxa2+ 26. Kc3 Qa3#) 25... Kf7 {[%emt 0:00:03][%csl Ge6][%cal Ra5a2] [#]} 26. a4 (26. Kxb2 $2 {gets mated.} Qxa2+ 27. Kc3 Qa3#) 26... Rc8 27. fxg7 {[%emt 0:03:37] Threatens to win with Rhf1+.} ({Weaker is} 27. Qxh7 Ba2+ 28. Kxa2 b1=B+ 29. Kxb1 Qb4+ 30. Kc1 Qa3+ 31. Kd2 Qc3+ 32. Ke2 Re8+ 33. Kf1 Qxf6+ 34. Kg1 Qb6+ 35. Kf1 Qf6+ 36. Kg1 Qb6+ 37. Kf1 Qf6+ $11) 27... Ba2+ 28. Kxa2 {[%emt 0:02:46] White mates.} b1=Q+ 29. Kxb1 Qb6+ 30. Ka1 {[%emt 0:00:15] Weighted Error Value: White=0.24 (precise) /Black=0.72.  Loses game:     	---       	Black=1      Mistake:       	White=1     	Black=2      Inaccurate:     	White=2     	Black=4      OK:         	White=4     	Black=5      Best:        	White=3     	Black=1      Strong:       	White=4     	Black=1} 1-0